 Dungeon Crawl Stone Soup version 0.19.1 (webtiles) character file.

245 RudyRod the Shield-Bearer (level 5, -3/46 HPs)
             Began as a Draconian Fighter on Nov 26, 2016.
             Was an Initiate of Okawaru.
             Slain by an orc
             ... wielding a cursed +0 hand axe
              (9 damage)
             ... on level 3 of the Dungeon.
             The game lasted 00:06:51 (2571 turns).

RudyRod the Shield-Bearer (Draconian Fighter)       Turns: 2571, Time: 00:06:52

Health: -3/46      AC:  5    Str: 24    XL:     5   Next: 83%
Magic:  5/5        EV: 11    Int:  8    God:    Okawaru [......]
Gold:   123        SH: 10    Dex: 11    Spells: 0 memorised, 4 levels left

rFire  . . .     SeeInvis .     x - +0 spear (pain)
rCold  . . .     Gourm    .     (armour unavailable)
rNeg   . . .     Faith    .     b - +0 shield
rPois  .         Spirit   .     (helmet restricted)
rElec  .         Reflect  .     (no cloak)
rCorr  .         Harm     .     (no gloves)
MR     .....                    (no boots)
Stlth  +.........               (no amulet)
                                (no ring)
                                (no ring)

@: mighty
A: unfitting armour, cold-blooded, AC +5
a: Renounce Religion


You were on level 3 of the Dungeon.
You worshipped Okawaru.
Okawaru was noncommittal.
You were not hungry.

You visited 1 branch of the dungeon, and saw 4 of its levels.

You collected 123 gold pieces.

Inventory:

Hand Weapons
 a - a +0 long sword
 x - a +0 spear of pain (weapon)
Armour
 b - a +0 shield (worn)
Wands
 r - a wand of disintegration (11/24)
 v - a wand of random effects (23/48)
Scrolls
 e - 5 scrolls of identify {unknown}
 f - 3 scrolls of enchant weapon {unknown}
 k - a scroll of recharging {unknown}
 l - 2 scrolls of teleportation {unknown}
 p - 4 scrolls of remove curse {unknown}
 q - a scroll of noise {unknown}
 t - a scroll of magic mapping {unknown}
 u - a scroll of immolation {unknown}
Potions
 c - 2 potions of might
 g - a potion of berserk rage
 h - a potion of beneficial mutation {unknown}
 i - 2 potions of resistance {unknown}
 j - a potion of flight {unknown}
 n - 2 potions of mutation {unknown}
 o - a potion of invisibility {unknown}
Comestibles
 d - 2 bread rations
 m - a slice of pizza
 s - a meat ration
 w - 4 chunks of flesh


   Skills:
 + Level 4.0 Fighting
 + Level 3.7 Long Blades
 + Level 0.8 Polearms
 * Level 4.0 Dodging
 + Level 4.0 Shields


You had 4 spell levels left.
You didn't know any spells.

Dungeon Overview and Level Annotations

Branches:
Dungeon (4/15)
 Temple: D:4-7

Altars:
Elyvilon
Makhleb
Okawaru
Trog
Xom


Innate Abilities, Weirdness & Mutations

Your plain brown scales are hard. (AC +5)
You cannot fit into any form of body armour.
You are cold-blooded and may be slowed by cold attacks.


Message History

* * * LOW HITPOINT WARNING * * *
The orc hits you but does no damage. The ogre closely misses you.
You puncture the ogre!
The ogre is severely wounded.
You block the orc's attack. The orc barely misses you.
You block the ogre's attack.
You hit the ogre.
The ogre is almost dead.
The orc misses you. The orc barely misses you.
The ogre hits you with a giant club!
* * * LOW HITPOINT WARNING * * *
The orc misses you. x2
You puncture the ogre!
You kill the ogre!
Okawaru is honoured by your kill.
Your Fighting skill increases to level 4!
Your Dodging skill increases to level 4!
Your Shields skill increases to level 4!
The orc closely misses you. The orc hits you with a hand axe!
You die...

#♣........# ##...##
###≈≈≈####.## #....#.
#..≈≈♣# #.####.#....
#.#PP≈# #....#<.()#.
#.#.≈.# ####.##...##
#.....# #.#.(....
####.########.#..#...
#oo...............
#@)...............
########.........#
#..########
#.###....##
###.......#
#.........
##....#....
#)...###...
#.._.#y#...


You could see 2 orcs.

Vanquished Creatures
  An ogre (D:3)
  A scorpion (D:3)
  5 adders
  An ooze (D:3)
  3 worms (D:3)
  2 leopard geckos
  An orc (D:3)
  A ball python (D:1)
  6 bats
  6 goblins
  8 hobgoblins
  2 jackals (D:1)
  A quokka (D:2)
  2 frilled lizards (D:3)
  4 kobolds
  8 rats
52 creatures vanquished.

Notes
Turn   | Place    | Note
-------+----------+-------------------------------------------
     0 | D:1      | RudyRod the Draconian Fighter began the quest for the Orb.
     0 | D:1      | Reached XP level 1. HP: 19/19 MP: 1/1
   164 | D:1      | Reached XP level 2. HP: 23/26 MP: 2/2
   799 | D:2      | Reached XP level 3. HP: 26/33 MP: 3/3
  1254 | D:2      | Reached XP level 4. HP: 27/40 MP: 4/4
  1649 | D:2      | Found a shimmering altar of Xom.
  1649 | D:2      | Found a burning altar of Makhleb.
  1781 | D:3      | Found an iron altar of Okawaru.
  1799 | D:3      | Became a worshipper of Warmaster Okawaru
  1979 | D:3      | Found a white marble altar of Elyvilon.
  2043 | D:3      | Reached XP level 5. HP: 44/46 MP: 5/5
  2107 | D:3      | Noticed a moth of wrath
  2110 | D:3      | Found a bloodstained altar of Trog.
  2552 | D:4      | Noticed an ogre
  2571 | D:3      | Killed an ogre
  2571 | D:3      | Slain by an orc

Skill      XL: |  1  2  3  4  5 |
---------------+----------------+-----
Dodging        | 3 4 |  4.0
Long Blades    | 3 |  3.7
Fighting       | 4 |  4.0
Shields        | 4 |  4.0
Polearms       | |  0.8

Action                   |  1- 3 |  4- 6 || total
-------------------------+-------+-------++-------
Melee: Long sword        |    81 |    66 ||   147
       Tailslap          |     8 |     5 ||    13
       Spear             |       |    20 ||    20
  Use: Potion            |     2 |     1 ||     3
  Eat: Chunk             |     1 |     5 ||     6
Armor: Skin              |    29 |    19 ||    48
Dodge: Dodged            |    28 |    53 ||    81
Block: Shield            |    50 |    44 ||    94
       Rpst.: Long sword |    12 |     8 ||    20
